 Dungeon Sprint DCSS version 0.31-a0-564-g3b7de120b3 (webtiles) character file.

Game seed: 17837551859213977756

252 rocky1 the Martial Artist (level 6, -3/43 HPs)
             Began as a Djinni Shapeshifter on Aug 18, 2023.
             Splashed by a jelly's acid (8 damage)
             ... in the Dungeon (Sprint III: "The Ten Rune Challenge").
             The game lasted 00:01:11 (508 turns).

rocky1 the Martial Artist (Djinni Shapeshifter)      Turns: 508, Time: 00:01:13

Health: -3/43      AC: -6    Str: 14    XL:     6   Next: 36%
Gold:   25         EV: 14    Int:  9    God:
                   SH:  0    Dex: 16

rFire   + +          .
                       - Unarmed
rCold   x . .        (no shield)
rNeg    . . .        a - +0 animal skin
rPois   ∞            (helmet currently unavailable)
rElec   .            (cloak currently unavailable)
rCorr   .            (gloves currently unavailable)
SInv    .            (boots unavailable)
Will    .....        (no amulet)
Stlth   ++           (no ring)
HPRegen 0.27/turn    (no ring)
MPRegen 0.00/turn

%: no teleportation, infuse magic (-4 HP)
@: beast-form, corroded, flying
A: beast (slay +4), flying, sickness immunity, fire resistance 2, cold
vulnerability 1, float, innate caster, HP casting, extra vitality 1
a: Begin Untransformation


You were in the Dungeon.
You were a hulking beast.
You visited 1 branch You collected 25 gold pieces.

Inventory:

Armour
 a - a +0 animal skin (worn)
Talismans
 c - a beast talisman (active)
 d - a flux talisman
Scrolls
 i - a scroll of blinking
 j - 2 scrolls of poison {unknown}
 k - a scroll of vulnerability {unknown}
 m - a scroll of identify {unknown}
Potions
 b - 5 potions of mutation
 g - a potion of haste
 l - a potion of enlightenment


   Skills:
 + Level 2.2 Fighting
 + Level 5.1 Dodging
 + Level 2.4 Stealth
 + Level 8.1 Unarmed Combat
 + Level 6.6 Shapeshifting


You knew the following spells:

 Your Spells              Type           Power      Damage    Failure   Level
a - Magic Dart            Conj           0%         1d3       38%         1
b - Passwall              Tmut/Erth      0%         N/A       52%         2
Your spell library was empty.

Dungeon Overview and Level Annotations

Branches:
Dungeon (1/1)

Altars:


Innate Abilities, Weirdness & Mutations

You are a hulking beast.
Your limbs bulge with bestial killing power. (Slay +4)
You are flying.
You are immune to sickness and miasma.
You are immune to poison.
Your flesh is very heat resistant. (rF++)
You are vulnerable to cold. (rC-)
You float through the air rather than walking.
You learn spells naturally, not from books.
Your magical power is your life essence.
You have superior vitality. (+4 MHP)


Message History

The shadow is heavily damaged.
The shadow closely misses you.
You hit the shadow but do no damage.
The shadow is heavily damaged.
The shadow hits you.
You hit the shadow but do no damage.
The shadow is heavily damaged.
The shadow hits you!
You hit the shadow but do no damage.
The shadow is heavily damaged.
The shadow hits you.
* * * LOW HITPOINT WARNING * * *
You hit the shadow.
The shadow is severely damaged.
You feel better. The shadow misses you.
You hit the shadow.
The shadow is severely damaged.
The shadow hits you!
* * * LOW HITPOINT WARNING * * *
You hit the shadow. Your punch misses the shadow.
The shadow is almost destroyed.
The shadow barely misses you.
You hit the shadow.
You destroy the shadow!
Your Fighting skill increases to level 2!
Your Dodging skill gained 2 levels and is now at level 5!
Your Stealth skill increases to level 2!
Your Unarmed Combat skill gained 2 levels and is now at level 8!
Your Shapeshifting skill increases to level 6!
You have reached level 5!
The power to cast Passwall wells up from within.
Spell assigned to 'b'.
You have reached level 6!
You punch the jelly! The acid corrodes you!
Your hands burn!
* * * LOW HITPOINT WARNING * * *
The jelly is severely wounded.
The jelly hits you.
* * * LOW HITPOINT WARNING * * *
The acid corrodes you!
You are splashed with acid!
You die...

▓▓▓ ##.# ####..#
#..#..#
#..#..###+#+###+##
##'#..#..........#
###...'.⌠.......h#
###...#...######J#
##....#.⌠.# #...#
#÷....#...# #...#
......#+### #...#
#.....# #...+
##....# +...#
▓▓▓▓▓▓ ▓▓▓▓▓


You could see a jelly.

Vanquished Creatures
  A shadow (D)
  A water elemental (D)
  A human (D)
  A wolf (D)
  4 rats (D)
8 creatures vanquished.

Notes
Turn   | Place    | Note
-------+----------+-------------------------------------------
     0 | D        | rocky1 the Djinni Shapeshifter began the quest for the Orb.
     0 | D        | Reached XP level 1. HP: 17/17 MP: 0/0
    87 | D        | Noticed a wolf
    94 | D        | Killed a wolf
    95 | D        | Reached skill level 4 in Unarmed Combat
    95 | D        | Reached XP level 2. HP: 15/22 MP: 0/0
   100 | D        | Reached XP level 3. HP: 11/27 MP: 0/0
   100 | D        | Learned a level 1 spell: Magic Dart
   418 | D        | Noticed a water elemental
   429 | D        | Killed a water elemental
   430 | D        | Reached skill level 1 in Stealth
   430 | D        | Reached skill level 6 in Unarmed Combat
   430 | D        | Reached skill level 5 in Shapeshifting
   430 | D        | Reached XP level 4. HP: 27/32 MP: 0/0
   491 | D        | Noticed a shadow
   507 | D        | Killed a shadow
   508 | D        | Reached skill level 5 in Dodging
   508 | D        | Reached skill level 8 in Unarmed Combat
   508 | D        | Reached XP level 5. HP: 10/38 MP: 0/0
   508 | D        | Learned a level 2 spell: Passwall
   508 | D        | Reached XP level 6. HP: 11/43 MP: 0/0
   508 | D        | Splashed by a jelly's acid

Illustrated notes

Levels and vault maps discovered:
D:        dungeon_sprint_mu [sprint_mu_entry_cave, sprint_mu_temple_rooms,
          sprint_mu_d1_spiders, sprint_mu_d2_genie, sprint_mu_d3_branching,
          sprint_mu_orc_legion, sprint_mu_elf_gauntlet, sprint_mu_hive_nellie,
          sprint_mu_lair_fedhas, sprint_mu_vaults_butterflies,
          sprint_mu_slime_circle, sprint_mu_shoals_archi,
          sprint_mu_snake_twists, sprint_mu_blade_basic, sprint_mu_crypt_lich,
          sprint_mu_tomb_spiral, sprint_mu_vestibule_basic,
          sprint_mu_gehenna_hellfire, sprint_mu_dis_giant,
          sprint_mu_tartarus_statrot, sprint_mu_cocytus_islands, sprint_mu_zot1]

Skill      XL: |  1  2  3  4 |
---------------+-------------+-----
Shapeshifting  | 3 4 5 6 |  6.6
Unarmed Combat | 4 6 8 |  8.1
Dodging        | 3 5 |  5.1
Stealth        | 1 2 |  2.4
Fighting       | 2 |  2.2

Action                     |  1- 3 |  4- 6 || total
---------------------------+-------+-------++-------
  Melee: Unarmed           |    33 |    13 ||    46
         Punch             |     1 |       ||     1
    Use: Potion            |     3 |     2 ||     5
   Stab: Sleeping          |     2 |       ||     2
 Armour: Skin              |    14 |       ||    14
         Animal skin       |     4 |     1 ||     5
  Dodge: Dodged            |     7 |     4 ||    11

Table legend: (Time is in decaauts)
 A = Elapsed time spent in this place.
 B = Non-inter-level travel time spent in this place.
 C = Inter-level travel time spent in this place.
 D = Time resting spent in this place.
 E = Time spent auto-exploring this place.
 F = Levels seen in this place.
 G = Mean time per level.
                   A        B        C        D        E       F      G
               +--------+--------+--------+--------+--------+-----+--------+
         Total |    511 |    511 |      0 |    347 |     60 |   1 |  511.0 |
       Dungeon |    511 |    511 |      0 |    347 |     60 |   1 |  511.0 |
               +--------+--------+--------+--------+--------+-----+--------+

Top non-repeatable levels by time:
       D: 511 daAuts
